Map: Dusty Gorge

Players

reuxertz

  • Race: Protoss Protoss
  • Spawn Location: 11:00

Bob

  • Race: Zerg Zerg
  • Spawn Location: 9:00

MonstroTown

  • Race: Terran Terran
  • Spawn Location: 3:00

Michael

  • Race: Zerg Zerg
  • League: Gold
  • Spawn Location: 5:00

VOD

Have the link to the VOD?

Description

Time

  • Played on: Sept. 29, 2018, 7:29 p.m.
  • Length: 11:29
Show
View Real Time Build Order
Export as new Build Order

reuxertz Protoss 

Build Orders:  

Get SALT Encoding   

  1  0:00  Probe  
  12  0:07  Probe  
  14  0:21  Pylon  
  14  0:22  Probe  
  15  0:40  Gateway  
  15  0:47  Gateway  
  15  0:50  Probe  
  16  1:02  Probe  
  17  1:11  Gateway  
  17  1:16  Pylon  
  17  1:17  Probe  
  18  1:29  Zealot  
  21  1:36  Zealot  
  22  1:50  Forge  
  22  1:58  Zealot  
  22  1:59  Zealot  
  26  2:03  Zealot  
  28  2:29  Photon Cannon  
  28  2:32  Photon Cannon  
  28  2:38  Photon Cannon  
  28  2:43  Pylon  
  28  3:01  Zealot x2  
  28  3:02  Zealot  
  34  3:28  Zealot x2  
  38  3:35  Pylon  
  38  3:53  Zealot  
  40  3:57  Zealot x2  
  44  4:20  Zealot  
  36  4:33  Zealot x2  
  38  4:44  Nexus  
  38  4:47  Zealot  
  40  5:19  Zealot x3  
  46  5:25  Probe  
  47  5:44  Probe  
  44  5:56  Probe  
  45  6:00  Zealot x2  
  45  6:01  Zealot  
  51  6:08  Probe  
  52  6:20  Probe  
  51  6:29  Zealot x3  
  51  6:56  Zealot x2  
  51  7:00  Probe x2  
  59  7:01  Zealot  
  59  7:08  Nexus  
  59  7:12  Probe  
  60  7:23  Zealot  
  62  7:56  Pylon x2  
  62  7:58  Pylon  
  62  7:59  Probe x2  
  62  8:00  Zealot  
  62  8:01  Assimilator  
  62  8:03  Assimilator  
  62  8:05  Zealot, Assimilator  
  62  8:07  Probe  
  62  8:08  Probe, Assimilator  
  54  8:13  Pylon  
  54  8:16  Pylon  
  54  8:18  Probe  
  49  8:20  Probe  
  50  8:30  Probe  
  50  8:32  Probe  
  46  8:44  Zealot x3  
  46  8:47  Probe  
  46  8:48  Probe  
  46  8:49  Assimilator  
  46  8:51  Probe  
  46  8:53  Assimilator  
  49  8:56  Probe x2  
  51  9:03  Probe  
  51  9:05  Probe x2  
  54  9:11  Zealot x2  
  54  9:15  Probe  
  54  9:16  Zealot  
  61  9:17  Probe x2  
  63  9:28  Probe  
  64  10:05  Probe x3  
  67  10:10  Nexus  
  67  10:15  Nexus  
  67  10:17  Probe  
  67  10:18  Assimilator  
  68  10:23  Assimilator  
  68  10:27  Assimilator  
  68  10:33  Assimilator  
  68  10:35  Pylon  
  68  10:36  Cybernetics Core  
  68  10:38  Gateway  
  68  10:42  Zealot x2, Pylon  
  72  10:43  Zealot  
  76  11:14  Stargate  
  76  11:16  Stargate  
  76  11:19  Stargate  
  76  11:23  Stargate  
  80  11:26  Stargate  
  80  11:28  Stargate  
Show
View Real Time Build Order
Export as new Build Order

Bob Zerg 

Build Orders: Hatch First, Muta Ling Bane 

Get SALT Encoding   

  12  0:01  Drone  
  13  0:12  Overlord  
  13  0:18  Drone  
  14  0:33  Drone x2  
  16  0:41  Drone  
  17  0:57  Hatchery  
  17  1:01  Drone  
  17  1:04  Extractor, Drone  
  17  1:18  Spawning Pool  
  16  1:21  Drone  
  17  1:25  Drone  
  17  1:30  Drone  
  19  1:38  Overlord  
  19  1:58  Drone  
  19  2:01  Drone  
  21  2:05  Metabolic Boost  
  21  2:07  Queen  
  23  2:12  Queen  
  25  2:20  Zergling x4  
  27  2:36  Spine Crawler  
  24  3:00  Drone  
  24  3:01  Drone  
  24  3:05  Zergling x8  
  30  3:13  Overlord  
  30  3:25  Overlord  
  30  3:32  Evolution Chamber  
  29  3:39  Drone x3  
  29  3:41  Zergling x8  
  33  3:43  Zergling x2  
  37  3:57  Zergling x8  
  41  4:20  Zerg Melee Weapons Level 1  
  41  4:23  Zergling x2  
  41  4:24  Zergling x4  
  42  4:32  Zergling x4  
  42  4:41  Drone  
  42  4:45  Overlord x2  
  42  5:15  Lair  
  42  5:16  Drone  
  42  5:17  Drone x5  
  42  5:18  Drone x3  
  51  5:32  Baneling Nest  
  51  5:35  Extractor  
  49  5:36  Extractor  
  43  5:55  Extractor  
  42  5:58  Zergling x2  
  42  5:59  Zergling x22  
  54  6:11  Hatchery  
  51  6:29  Drone  
  51  6:30  Drone x5  
  53  6:33  Queen x2  
  53  6:36  Zerg Ground Armor Level 1  
  54  6:44  Drone x2  
  54  6:55  Spire  
  54  6:56  Drone x2  
  55  7:04  Centrifical Hooks  
  55  7:07  Zergling x4  
  54  7:28  Zergling x8  
  54  7:29  Zergling x10  
  62  7:43  Zergling x6  
  63  7:48  Overlord  
  63  7:49  Overlord  
  63  7:51  Pneumatized Carapace  
  61  8:35  Overlord  
  61  8:36  Overlord  
  61  8:37  Zerg Melee Weapons Level 2  
  61  8:39  Zerg Flyer Weapons Level 1, Mutalisk  
  61  8:40  Mutalisk x6  
  75  9:26  Mutalisk  
  75  9:27  Mutalisk x6  
  84  9:50  Zergling x20  
  88  10:31  Mutalisk x5  
  98  10:37  Overlord x4  
  95  10:48  Zergling x8  
  98  10:51  Baneling  
  98  10:52  Baneling x6  
  98  10:53  Baneling  
Show
View Real Time Build Order
Export as new Build Order

MonstroTown Terran 

Build Orders: Reaper Expand 

Get SALT Encoding   

  12  0:01  SCV  
  13  0:13  SCV  
  14  0:18  Supply Depot  
  14  0:25  SCV  
  15  0:40  SCV  
  15  0:41  Barracks  
  16  0:46  Refinery  
  16  0:52  SCV  
  17  1:04  SCV  
  18  1:16  SCV  
  19  1:29  Orbital Command  
  19  1:30  Reaper  
  20  1:44  Command Center  
  20  1:59  Supply Depot  
  20  2:00  Refinery  
  20  2:04  Marine  
  21  2:12  SCV  
  22  2:22  Marine  
  22  2:24  SCV  
  23  2:33  Factory  
  23  2:36  SCV  
  24  2:47  Marine  
  24  2:48  SCV  
  26  2:53  Barracks  
  25  3:00  SCV  
  27  3:05  Engineering Bay  
  26  3:13  SCV  
  26  3:18  Factory Tech Lab  
  27  3:22  Marine, Starport  
  28  3:29  SCV  
  29  3:35  Supply Depot  
  29  3:38  Orbital Command  
  29  3:46  Siege Tank  
  32  4:09  Barracks Reactor  
  32  4:10  Barracks Tech Lab  
  32  4:11  Medivac  
  34  4:29  Barracks  
  34  4:38  Marine  
  31  4:40  Siege Tank  
  35  4:45  SCV  
  35  4:46  SCV  
  35  4:48  Marine x2  
  38  4:56  Marine  
  38  4:58  Combat Shields  
  39  5:06  Barracks  
  39  5:07  Barracks  
  41  5:14  Marauder  
  41  5:21  Marine  
  41  5:22  Marine  
  43  5:33  Starport Tech Lab  
  43  5:34  Siege Tank  
  43  5:35  Barracks Reactor  
  47  5:36  Marauder  
  44  5:57  Marauder  
  41  6:17  Marine x3  
  41  6:18  Marine x2  
  25  6:33  Widow Mine  
  25  6:35  Marine x4  
  25  6:36  Marine  
  25  6:48  SCV x2  
  25  6:53  Marine x3  
  18  7:00  SCV x2  
  10  7:11  Marine x2  
  7  7:57  Orbital Command  
  7  8:10  Orbital Command  
  3  9:27  Orbital Command  
  3  9:39  Supply Depot  
  3  10:29  Orbital Command  
Show
View Real Time Build Order
Export as new Build Order

Michael Zerg 

Build Orders: Hatch First 

Get SALT Encoding   

  12  0:01  Drone  
  13  0:12  Overlord  
  13  0:18  Drone  
  14  0:31  Drone x2  
  14  0:34  Drone  
  17  0:45  Drone  
  18  0:59  Hatchery  
  18  1:01  Drone  
  18  1:08  Extractor  
  17  1:18  Spawning Pool  
  16  1:20  Drone  
  16  1:23  Drone  
  18  1:29  Drone  
  19  1:39  Drone  
  20  1:49  Overlord  
  20  2:07  Queen  
  22  2:09  Metabolic Boost  
  22  2:12  Queen  
  22  2:13  Zergling x2  
  25  2:16  Zergling x2  
  25  2:20  Zergling x2  
  27  2:28  Spine Crawler  
  24  3:08  Drone x6  
  24  3:10  Queen x2  
  34  3:25  Zergling x4  
  36  3:32  Overlord  
  36  3:34  Spine Crawler  
  36  3:36  Spine Crawler  
  34  3:49  Roach Warren  
  34  3:53  Zergling x2  
  34  3:54  Zergling x8  
  37  4:04  Spine Crawler  
  29  4:30  Zergling x2  
  29  4:31  Zergling x16  
  26  4:38  Zergling x2  
  25  4:48  Spine Crawler  
  20  5:01  Queen  
  20  5:05  Drone  
  23  5:11  Drone  
  24  5:16  Drone  
  25  5:22  Drone  
  26  5:30  Roach  
  24  5:44  Queen  
  24  5:48  Drone  
  27  5:52  Drone  
  28  5:59  Drone  
  29  6:08  Extractor  
  29  6:09  Drone  
  29  6:10  Overlord  
  29  6:15  Drone  
  29  6:17  Drone  
  31  6:23  Zergling x2  
  30  6:39  Zergling x2  
  31  6:45  Roach x3  
  35  6:54  Lair  
  35  7:10  Hatchery  
  34  7:18  Roach x2  
  38  7:28  Roach x2  
  42  7:33  Roach  
  42  7:41  Roach  
  32  8:10  Queen  
  30  8:22  Roach  
  30  8:23  Roach  
  30  8:25  Roach  
  29  8:45  Queen  
  27  8:58  Roach x3  
  33  9:14  Hatchery  
  32  9:20  Roach  
  34  9:25  Spine Crawler  
  34  9:26  Spine Crawler  
  34  9:27  Spine Crawler  
  34  9:30  Drone  
  32  9:32  Drone  
  15  10:00  Roach  
  15  10:01  Roach x2  
  19  10:10  Queen  
  19  10:20  Roach  
  19  10:49  Queen  
  21  10:51  Spine Crawler  
  21  10:57  Roach x3  
  24  10:59  Roach x3, Spine Crawler  
  33  11:04  Roach  
Tags
 
Add a new tag
Caveats
  • Supply blocks, unpowered buildings, or Contaminate may cause inaccurate times.
  • Supply counts are checked every 10 seconds.